 Dungeon Crawl Stone Soup version 0.22.1-2-g9c5b331383 (webtiles) character file.

249 Peloso the Covered (level 5, 0/46 HPs)
             Began as a Minotaur Fighter on Dec 24, 2018.
             Slain by an orc priest
             ... wielding a +0 short sword
              (2 damage)
             ... on level 3 of the Dungeon.
             The game lasted 00:05:04 (2960 turns).

Peloso the Covered (Minotaur Fighter)               Turns: 2960, Time: 00:05:05

Health: 0/46       AC: 13    Str: 20    XL:     5   Next: 86%
Magic:  4/4        EV:  7    Int:  5    God:
Gold:   78         SH: 10    Dex: 11    Spells: 4/4 levels left

rFire    . . .     SeeInvis .   a - +0 long sword
rCold    . . .     Gourm    .   c - +0 shield
rNeg     . . .     Faith    .   e - +0 chain mail
rPois    .         Spirit   .   (helmet restricted)
rElec    .         Reflect  .   (no cloak)
rCorr    .         Harm     .   k - +2 pair of gloves
MR       .....                  (no boots)
Stlth    ..........             (no amulet)
HPRegen  0.15/turn              i - +1 ring of evasion
MPRegen  0.09/turn              (no ring)

@: no status effects
A: retaliatory headbutt, horns 2
a: no special abilities


You were on level 3 of the Dungeon.
You were hungry.

You visited 1 branch of the dungeon, and saw 3 of its levels.

You collected 78 gold pieces.

Inventory:

Hand Weapons
 a - a +0 long sword (weapon)
Armour
 b - a +0 scale mail
 c - a +0 shield (worn)
 e - a +0 chain mail (worn)
 k - a +2 pair of gloves (worn)
Jewellery
 i - a +1 ring of evasion (left hand)
 l - an uncursed amulet of the gourmand {unknown}
Scrolls
 g - 3 scrolls of identify {unknown}
 h - a scroll of immolation {unknown}
 m - a scroll of teleportation {unknown}
 n - a scroll of remove curse {unknown}
 o - a scroll of amnesia {unknown}
Potions
 d - a potion of might
 j - 2 potions of agility {unknown}
Comestibles
 f - 6 rations
 p - 3 chunks of flesh


   Skills:
 + Level 4.3 Fighting
 + Level 4.9 Long Blades
 + Level 5.0 Armour
 + Level 1.1 Dodging
 + Level 5.0 Shields


You had 4 spell levels left.
You didn't know any spells.
Your spell library was empty.

Dungeon Overview and Level Annotations

Branches:
Dungeon (3/15)

Altars:


Innate Abilities, Weirdness & Mutations

You reflexively headbutt those who attack you in melee.
You have a pair of horns on your head.


Message History

The orc wizard hits you but does no damage.
The orc hits you but does no damage.
The orc priest hits you but does no damage.
Your chain mail prevents you from hitting the orc priest.
The orc priest is almost dead.
The orc wizard hits you but does no damage.
The orc priest hits you but does no damage.
The orc hits you with a flail.
The orc wizard hits you but does no damage.
Unknown command.
You hit the orc priest but do no damage.
Your headbutt misses the orc priest.
The orc priest is almost dead.
The orc priest hits you but does no damage.
You block the orc's attack.
The orc wizard gestures at you while chanting.
The puff of flame hits you!
* * * LOW HITPOINT WARNING * * *
The orc priest hits you with a short sword.
You die...

#.......>...................o
#...................$.......?
#.........<..................
#............................
#...........)..)))...........
#..........#.................
#..........##.....##.........
####.#####.#####o#####.......
#.# #.....#@## ....... #.#
#####.oo.# ....... ###.#
#..##.# ....... ....
##.###.## .......
#...######......... .......
.#................ .....$.
#.##........#.####..
##.>...........# #.
<...###......###


You could see an orc priest, an orc wizard and an orc.

Vanquished Creatures
  2 orc priests
  An orc wizard (D:2)
  Jessica (D:2)
  A worker ant (D:2)
  6 adders (D:2)
  2 worms (D:3)
  2 leopard geckos
  4 orcs
  7 bats
  A giant cockroach (D:1)
  8 goblins
  2 hobgoblins
  2 jackals (D:1)
  5 kobolds
  A ball python (D:1)
  A frilled lizard (D:1)
  11 rats
57 creatures vanquished.

Notes
Turn   | Place    | Note
-------+----------+-------------------------------------------
     0 | D:1      | Peloso the Minotaur Fighter began the quest for the Orb.
     0 | D:1      | Reached XP level 1. HP: 19/19 MP: 0/0
   108 | D:1      | Reached XP level 2. HP: 27/27 MP: 1/1
   545 | D:2      | Reached XP level 3. HP: 7/33 MP: 2/2
   840 | D:2      | Noticed Jessica
   853 | D:2      | Killed Jessica
   853 | D:2      | Reached XP level 4. HP: 14/40 MP: 3/3
   878 | D:2      | HP: 2/40 [poisoned by an adder]
   886 | D:2      | HP: 1/40 [poisoned by an adder]
  1664 | D:2      | Reached XP level 5. HP: 41/46 MP: 4/4
  2841 | D:2      | Reached skill level 1 in Dodging
  2854 | D:3      | Reached skill level 5 in Armour
  2930 | D:3      | Reached skill level 5 in Shields
  2960 | D:3      | HP: 2/46 [orc wizard/puff of flame (12)]
  2960 | D:3      | Slain by an orc priest

Skill      XL: |  1  2  3  4  5 |
---------------+----------------+-----
Fighting       | 4 |  4.3
Shields        | 4 5 |  5.0
Armour         | 4 5 |  5.0
Long Blades    | 3 4 |  4.9
Dodging        | 1 |  1.1

Action                   |  1- 3 |  4- 6 || total
-------------------------+-------+-------++-------
Melee: Long sword        |    74 |   104 ||   178
       Headbutt          |     9 |    17 ||    26
  Use: Potion            |     1 |       ||     1
  Eat: Chunk             |       |     6 ||     6
Armor: Scale mail        |    56 |     3 ||    59
       Chain mail        |       |    65 ||    65
Dodge: Dodged            |    43 |    24 ||    67
Block: Shield            |    79 |    52 ||   131
       Rpst.: Long sword |     8 |     7 ||    15
